 Dungeon Crawl Stone Soup version 0.16.1-28-gcc2312f (webtiles) character file.

49 Kidiri the Conjurer (level 3, -3/29 HPs)
             Began as a Draconian Conjurer on May 29, 2015.
             Slain by Crazy Yiuf
             ... wielding a +3 quarterstaff of chaos
              (7 damage)
             ... on level 2 of the Dungeon.
             The game lasted 00:09:06 (1988 turns).

Kidiri the Conjurer (Draconian Conjurer)            Turns: 1988, Time: 00:09:06

Health: -3/29      AC:  5    Str: 10    XL:     3   Next: 53%
Magic:  1/6        EV: 12    Int: 16    God:
Gold:   67         SH:  0    Dex: 15    Spells: 3 memorised, 0 levels left

rFire  . . .     SeeInvis .     d - +0 short sword
rCold  . . .     Clarity  .     (armour unavailable)
rNeg   . . .     SustAb   .     (no shield)
rPois  +         Gourm    .     (helmet restricted)
rElec  .         Spirit   .     (no cloak)
rCorr  .         Warding  .     (no gloves)
rMut   .         Stasis   .     (no boots)
MR     .....                    (no amulet)
Stlth  ++........               j - +4 ring of dexterity
                                e - ring of poison resistance

@: very slightly contaminated, hasted and slowed, drained, not resistant to
hostile enchantments, unstealthy
A: unfitting armour, cold-blooded, AC +5
a: no special abilities


You were on level 2 of the Dungeon.
You were not hungry.

You visited 1 branch of the dungeon, and saw 2 of its levels.

You collected 67 gold pieces.

Inventory:

Hand weapons
 d - a +0 short sword (weapon)
Jewellery
 e - a ring of poison resistance (left hand)
 h - an uncursed ring of positive energy
 j - a +4 ring of dexterity (right hand)
Scrolls
 g - a scroll of remove curse {unknown}
Potions
 a - 3 potions of brilliance
 f - a potion of haste
 k - a potion of poison {unknown}
Books
 c - a book of Conjurations

   Spells                             Type                      Level
   a - Magic Dart                     Conjuration                  1
   b - Searing Ray                    Conjuration                  2
   c - Dazzling Spray                 Conjuration/Hexes            3
   d - Fulminant Prism                Conjuration/Hexes            4
   e - Iskenderun's Mystic Blast      Conjuration                  4
   f - Iskenderun's Battlesphere      Conjuration/Charms           5
Comestibles
 b - a bread ration


   Skills:
 + Level 1.6(1.4) Fighting
 + Level 0.8(0.5) Short Blades
 + Level 2.0(1.7) Dodging
 + Level 2.0(1.7) Stealth
 * Level 2.2(2.0) Spellcasting
 * Level 4.4(4.1) Conjurations


You couldn't memorise any spells.
You knew the following spells:

 Your Spells              Type           Power        Failure   Level  Hunger
a - Magic Dart            Conj           ##..         4%          1    #......
b - Searing Ray           Conj           ##....       8%          2    ###....
c - Dazzling Spray        Conj/Hex       #.......     28%         3    ###....


Dungeon Overview and Level Annotations

Branches:
Dungeon (2/15)

Altars:

Annotations:
D:2 Crazy Yiuf


Innate Abilities, Weirdness & Mutations

Your plain brown scales are hard (AC +5).
Your body does not fit into most forms of armour.
Your cold-blooded metabolism reacts poorly to cold.


Message History

You hear a zap.
Something tries to affect you, but you resist.
You are very lightly contaminated with residual magic.
Drink which item? (? for menu, Esc to quit)
It was a potion of curing.
You feel better.
You hear a zap.
Something tries to affect you, but you resist.
Drink which item? (? for menu, Esc to quit)
You feel better. Something hits you.
You suddenly lose the ability to move!
Something hits you. Something hits you!
* * * LOW HITPOINT WARNING * * *
You feel your power leaking away.
You hear a zap.
Something tries to affect you, but you resist.
You hear a zap.
You feel as though you will be slow longer.
You can move again.
You barely miss something. Something hits you!
You die...

#######...# #).
#..... ..........#
#.) ## #..#..
#######...# ..
.....#..#.. ##.##
#. #......). #.#
.## #..♣♣♣... #.#
#.# #♣.# ##'##
#.## ♣.# ##...#
##)# #. #♣..
##.<..# ##@##
..##..♣♣♣... ##
##.....# ##...#
............
.###......# #....#
..##.#......
...'......# #....#
...........
.###......#
#....###
##........ .#
##.......##...#..#
###...... .#
##........#.###.#
####.## .#
##.........# #.#
#.# .#
##........###.#
#.#


There were no monsters in sight!

Vanquished Creatures
  An adder (D:2)
  A worm (D:2)
  5 giant geckos
  An ooze (D:1)
  A ball python (D:1)
  2 bats
  6 goblins
  3 hobgoblins (D:1)
  A jackal (D:1)
  2 giant newts (D:2)
  2 kobolds (D:1)
  4 rats
29 creatures vanquished.

Notes
Turn   | Place    | Note
--------------------------------------------------------------
     0 | D:1      | Kidiri, the Draconian Conjurer, began the quest for the Orb.
     0 | D:1      | Reached XP level 1. HP: 14/14 MP: 3/3
   433 | D:1      | Reached XP level 2. HP: 8/22 MP: 0/4
   437 | D:1      | Learned a level 2 spell: Searing Ray
   874 | D:1      | Reached skill level 1 in Fighting
  1648 | D:2      | Reached XP level 3. HP: 17/28 MP: 0/6
  1653 | D:2      | Learned a level 3 spell: Dazzling Spray
  1962 | D:2      | Noticed Crazy Yiuf
  1982 | D:2      | Paralysed by something for 6 turns
  1988 | D:2      | Slain by Crazy Yiuf

Action                   || total
-------------------------++-------
Melee: Unarmed           ||    12
       Short sword       ||    45
 Cast: Magic Dart        ||    53
       Searing Ray       ||     1
  Use: Scroll            ||     2
       Potion            ||     3
  Eat: Chunk             ||     4
